 Dungeon Sprint DCSS version 0.32-a0-427-g448f42529f (webtiles) character file.

Game seed: 2277915312432908093

7005 Revguard the End of an Era (level 10, -3/86 HPs)
             Began as a Demonspawn Fighter on Feb 22, 2024.
             Was the Champion of Qazlal.
             Slain by a demonic crawler (11 damage)
             ... in the Dungeon (Sprint V: "Ziggurat Sprint").
             The game lasted 00:07:15 (481 turns).

Revguard the End of an Era (Demonspawn Fighter)      Turns: 481, Time: 00:07:17

Health: -3/86      AC: 33    Str: 30    XL:     10   Next: 82%
Magic:  19/19      EV: 11    Int:  8    God:    Qazlal [******]
Gold:   0          SH: 37    Dex: 16    Spells: 9/9 levels left

rFire   . . .        B - +11 Screaming Sword {sonic wave}
rCold   . . .        C - +18 shield of the Gong {Loud rN+ Will+ rCorr EV-5}
rNeg    + . .        D - +15 Maxwell's patent armour {-Cast -Tele rElec Will+ rCorr}
rPois   .            (helmet restricted)
rElec   +            (no cloak)
rCorr   +            a - +2 pair of gloves {hurl}
SInv    .            (no boots)
Will    ++...        G - amulet of regeneration Stlth
                     z - +6 ring of strength
HPRegen 1.14/turn    A - +6 ring of strength
MPRegen 0.16/turn

%: no teleportation, no spellcasting, repel missiles
@: mighty, agile, spiked, protected from physical damage, corroded
A: antennae 2, yellow scales 1, powered by pain 1, demonic magic 2
a: Renounce Religion, Upheaval, Elemental Force, Disaster Area


You were in the Dungeon.
You worshipped Qazlal.
Qazlal was exalted by your worship.
You visited 1 branch

Inventory:

Hand Weapons
 B - the +11 Screaming Sword (weapon) {sonic wave}
   (You found it in the Dungeon)
Armour
 a - a +2 pair of gloves of hurling (worn)
 C - the +18 shield of the Gong (worn) {Loud rN+ Will+ rCorr EV-5}
   (You found it in the Dungeon)

   Loud:      It is deafeningly noisy when blocking attacks.
   EV-5:      It affects your evasion (-5).
   rN+:       It protects you from negative energy.
   Will+:     It increases your willpower.
   rCorr:     It protects you from acid and corrosion.
 D - the +15 Maxwell's patent armour (worn) {-Cast -Tele rElec Will+ rCorr}
   (You found it in the Dungeon)

   rElec:     It insulates you from electricity.
   Will+:     It increases your willpower.
   -Cast:     It prevents spellcasting.
   -Tele:     It prevents most forms of teleportation.
   rCorr:     It protects you from acid and corrosion.
Jewellery
 b - a ring of ice
 c - the ring of Taqo {Will- MP+9 Dex+6}
   (You found it in the Dungeon)

   [ring of magical power]

   Dex+6:     It affects your dexterity (+6).
   Will-:     It decreases your willpower.
   MP+9:      It affects your magic capacity (+9).
 u - a ring of ice
 z - a +6 ring of strength (left hand)
 A - a +6 ring of strength (right hand)
 G - an amulet of regeneration (around neck)
Wands
 n - a wand of charming (10)
 s - a wand of mindburst (14)
 t - a wand of light (5)
 E - a wand of roots (10)
 H - a wand of digging (3)
Scrolls
 j - 4 scrolls of blinking
 o - 4 scrolls of amnesia
 p - 7 scrolls of fog
 q - 5 scrolls of identify
 r - 2 scrolls of fear
 F - 4 scrolls of enchant armour
Potions
 d - 7 potions of might
 e - 10 potions of curing
 f - 13 potions of heal wounds
 g - 10 potions of haste
 h - 7 potions of magic
 i - 3 potions of berserk rage
 k - 2 potions of brilliance
 l - 2 potions of invisibility
 m - 4 potions of resistance


   Skills:
 + Level 10.9 Fighting
 + Level 9.7 Long Blades
 + Level 9.7 Armour
 + Level 9.2 Dodging
 + Level 9.6 Shields
 + Level 12.9 Invocations
 + Level 10.0 Evocations


You had 9 spell levels left.
You didn't know any spells.
Your spell library contained the following spells:

 Spells                   Type           Power      Damage    Failure   Level
 Magic Dart               Conj           0%         1d3       99%         1
 Sting                    Conj/Alch      0%         1d3       99%         1
 Blink                    Tloc           0%         N/A       100%        2
 Call Imp                 Summ           0%         N/A       100%        2
 Cigotuvi's Dreadful Rot  Necr/Alch/Air  0%         N/A       100%        2
 Mercury Vapours          Alch/Air       0%         N/A       100%        2
 Dazzling Flash           Conj/Hex       0%         N/A       100%        3
 Frozen Ramparts          Ice            0%         1d1       100%        3
 Tukima's Dance           Hex            0%         N/A       100%        3
 Volatile Blastmotes      Fire/Tloc      0%         2d10      100%        3
 Fulminant Prism          Conj/Alch      0%         3d5       100%        4
 Ignite Poison            Fire/Alch      0%         N/A       100%        4
 Iskenderun's Mystic Bla  Conj/Tloc      0%         2d3       100%        4
 Leda's Liquefaction      Alch/Erth      0%         N/A       100%        4
 Passage of Golubria      Tloc           0%         N/A       100%        4
 Petrify                  Alch/Erth      0%         N/A       100%        4
 Summon Blazeheart Golem  Fire/Summ      0%         N/A       100%        4
 Freezing Cloud           Conj/Ice/Air   0%         6-21      100%        5
 Irradiate                Conj/Alch      0%         3d11      100%        5
 Metabolic Englaciation   Hex/Ice        0%         N/A       100%        5
 Summon Forest            Summ/Tloc      0%         N/A       100%        5
 Summon Mana Viper        Hex/Summ       0%         N/A       100%        5
 Yara's Violent Unravell  Hex/Alch       0%         3d3       100%        5
 Starburst                Conj/Fire      0%         6d3       100%        6
 Summon Cactus Giant      Summ           0%         N/A       100%        6
 Orb of Destruction       Conj           0%         9d5       100%        7
 Spellforged Servitor     Conj/Summ      0%         N/A       100%        7
 Maxwell's Capacitive Co  Air            0%         ∞         100%        8


Dungeon Overview and Level Annotations

Branches:
Dungeon (1/1)

Altars:
Ashenzari
Cheibriados
Dithmenos
Fedhas
Gozag
Hepliaklqana
Kikubaaqudgha
Makhleb
Nemelex Xobeh
Okawaru
Qazlal
Ru
Sif Muna
Trog
Uskayaw
Vehumet
Wu Jian
Xom
Yredelemnul
Beogh
Jiyva
Lugonu

Annotations:
D 1 transporter


Innate Abilities, Weirdness & Mutations

You have a pair of antennae on your head.
You are partially covered in yellow scales. (AC +2)
You sometimes gain a little power by taking damage.
Spells you cast may paralyse nearby enemies.


Message History

GONNNNG!
You block the demonic crawler's attack.
PANG!
The demonic crawler hits you but does no damage.
The moth of wrath goads the demonic crawler on!
The demonic crawler goes berserk!
The demonic crawler hits you!
* * * LOW HITPOINT WARNING * * *
You focus on the pain.
You feel your power returning.
The demonic crawler hits you but does no damage. x2
Qazlal accepts your kill.
You feel a bit more experienced. The steelbarb worm barely misses you.
The demonic crawler hits you but does no damage.
The demonic crawler barely misses you.
The demonic crawler hits you but does no damage.
The demonic crawler completely misses you.
The demonic crawler hits you but does no damage.
The demonic crawler barely misses you.
Your Dodging skill increases to level 9!
Your Evocations skill increases to level 10!
Unknown command.
Unknown command.
You feel much better. You block the steelbarb worm's attack.
GONNNNG!
You block the demonic crawler's attack.
GONNNNG!
The demonic crawler hits you! You block the demonic crawler's attack.
BOUMMMMG!
The demonic crawler hits you but does no damage.
The demonic crawler closely misses you. The demonic crawler hits you.
The entropy weaver points at you and mumbles some strange words.
The entropic weave corrodes you! The steelbarb worm hits you!
* * * LOW HITPOINT WARNING * * *
You focus on the pain.
You feel your power returning.
Barbed spikes become lodged in your body.
The demonic crawler closely misses you. The demonic crawler barely misses you.
The demonic crawler hits you!
* * * LOW HITPOINT WARNING * * *
You focus on the pain.
You feel your power returning. The demonic crawler hits you!
You die...

▓▓▓▓▓▓▓▓▓▓▓▓▓▓▓▓▓▓▓
▓...ß©ß...▓...ß©ß...▓
▓..:|)|)..▓....|.:..▓
▓..|)/)?..▓.....:)..▓
▓.........▓.........▓
▓...†.≈†..▓.........▓
▓...°§≈○..▓...)))...▓
▓...wBs§..▓...).)...▓
▓..○s@y...▓.▓.....▓.▓
▓.▓○....▓.▓....©....▓
▓....©○...▓▓▓▓▓▓▓▓▓▓▓
▓▓▓▓▓▓▓▓▓▓▓


{{{{{{{{ {{{{{{{{{ {{{{{{{{ You could see an entropy weaver, a steelbarb worm
(berserk), 2 demonic crawlers and a moth of wrath.

Vanquished Creatures
  A ghost moth (D)
  2 dancing weapons (D)
  A wretched star (D)
  2 deep elf knights (D)
  An orb spider (D)
  A deep elf zephyrmancer (D)
  A wolf spider (D)
  A jumping spider (D)
  2 spriggans (D)
  An air elemental (D)
  A fire elemental (D)
  A redback (D)
  A hell hound (D)
  An orc warrior (D)
  3 black bears (D)
  3 wolves (D)
  2 wights (D)
  A crimson imp (D)
  A quasit (D)
  An orc priest (D)
  2 iron imps (D)
  3 orc wizards (D)
  An adder (D)
  3 shadow imps (D)
  2 white imps (D)
  4 ufetubi (D)
  An adder zombie (D)
  An adder skeleton (D)
  6 orcs (D)
  3 bat skeletons (D)
  A bat zombie (D)
  3 ball pythons (D)
  A ball python skeleton (D)
59 creatures vanquished.

Notes
Turn   | Place    | Note
-------+----------+-------------------------------------------
     0 | D        | Revguard the Demonspawn Fighter began the quest for the
                  | Orb.
     0 | D        | Reached XP level 1. HP: 18/18 MP: 1/1
     0 | D        | Found a shimmering blue altar of Sif Muna.
     0 | D        | Found a bloodstained altar of Trog.
     0 | D        | Found a sacrificial altar of Ru.
     0 | D        | Found a stormy altar of Qazlal.
     0 | D        | Found an iron altar of Okawaru.
     1 | D        | Found a sparkling altar of Nemelex Xobeh.
     1 | D        | Found a blossoming altar of Fedhas.
     1 | D        | Found the +6 Majin-Bo {spellvamp, MP+6 Int+6}
     1 | D        | Found the +27 heavy crossbow "Sniper" {heavy, Acc+∞ SInv}
     1 | D        | Found the +10 dark maul {heavy}
     1 | D        | Found the +15 Maxwell's patent armour {-Cast -Tele rElec
                  | Will+ rCorr}
     1 | D        | Found the +18 shield of the Gong {Loud rN+ Will+ rCorr
                  | EV-5}
     1 | D        | Found the +16 obsidian axe {drain, demonic, Mesm ^Drain Fly
                  | SInv}
     1 | D        | Found the +7 great mace "Firestarter" {flame, immolate,
                  | rFlCloud rF++}
     1 | D        | Found the +6 shillelagh "Devastator" {shatter}
     1 | D        | Found the +11 plutonium sword {^Contam Stlth-}
     1 | D        | Found the +8 lance "Wyrmbane" {slay drac, rPois rF+ rC+
                  | AC+3}
     1 | D        | Found the +9 sword of Zonguldrok {reap}
     1 | D        | Found the +13 scythe of Curses {drain, curses, ^Drain}
     1 | D        | Found the +9 sword of Power {lifebolt}
     1 | D        | Found the +7 mace of Variability {chaos, chaos arc}
     1 | D        | Found the +11 Singing Sword {sonic wave}
     1 | D        | Found the +8 storm bow {elec, penet}
     3 | D        | Found a transporter.
     3 | D        | Found an ancient bone altar of Kikubaaqudgha.
     3 | D        | Found a viscous altar of Jiyva.
     3 | D        | Found a corrupted altar of Lugonu.
     3 | D        | Found a hazy altar of Hepliaklqana.
     3 | D        | Found a burning altar of Makhleb.
     3 | D        | Found an opulent altar of Gozag.
    84 | D        | Became a worshipper of Qazlal Stormbringer
    89 | D        | Reached skill level 3 in Invocations
    89 | D        | Gained mutation: You are partially covered in yellow
                  | scales. (AC +2) [demonic ancestry]
    89 | D        | Reached XP level 2. HP: 25/25 MP: 1/4
   123 | D        | Entered arena 2.
   123 | D        | Found a transporter.
   128 | D        | Gained mutation: Spells you cast may paralyse adjacent
                  | enemies. [demonic ancestry]
   128 | D        | Reached XP level 3. HP: 25/31 MP: 5/5
   149 | D        | Entered arena 3.
   149 | D        | Noticed a wretched star
   149 | D        | Found a transporter.
   152 | D        | Reached * piety under Qazlal
   153 | D        | Reached skill level 4 in Invocations
   153 | D        | Reached XP level 4. HP: 36/38 MP: 4/5
   157 | D        | Killed a wretched star
   157 | D        | Reached ** piety under Qazlal
   158 | D        | Reached skill level 5 in Long Blades
   158 | D        | Reached skill level 5 in Dodging
   158 | D        | Reached skill level 7 in Invocations
   158 | D        | Reached skill level 5 in Evocations
   158 | D        | Reached XP level 5. HP: 47/47 MP: 4/9
   158 | D        | Gained mutation: You sometimes gain a little power by
                  | taking damage. [demonic ancestry]
   158 | D        | Reached XP level 6. HP: 53/53 MP: 4/10
   158 | D        | Reached XP level 7. HP: 59/59 MP: 4/11
   212 | D        | Entered arena 4.
   212 | D        | Found a transporter.
   226 | D        | Entered arena 5.
   226 | D        | Found a transporter.
   230 | D        | Reached *** piety under Qazlal
   244 | D        | Entered arena 6.
   244 | D        | Found a transporter.
   246 | D        | Reached **** piety under Qazlal
   247 | D        | Reached skill level 8 in Invocations
   249 | D        | Reached ***** piety under Qazlal
   258 | D        | Entered arena 7.
   259 | D        | Found a transporter.
   277 | D        | Entered arena 8.
   278 | D        | Found a transporter.
   280 | D        | Reached ****** piety under Qazlal
   282 | D        | Gained mutation: You have a pair of small antennae on your
                  | head. [demonic ancestry]
   282 | D        | Reached XP level 8. HP: 67/67 MP: 14/14
   299 | D        | Entered arena 9.
   299 | D        | Noticed an air elemental
   299 | D        | Noticed a deep elf knight
   299 | D        | Noticed a +3 heavy war axe
   299 | D        | Noticed a deep elf knight
   299 | D        | Noticed a deep elf zephyrmancer
   299 | D        | Noticed a +2 short sword of holy wrath
   301 | D        | Killed a +2 short sword of holy wrath
   302 | D        | Reached skill level 9 in Invocations
   306 | D        | Killed a deep elf knight
   306 | D        | Killed a deep elf zephyrmancer
   306 | D        | Paralysed by an air elemental for 1 turns
   307 | D        | Reached skill level 10 in Invocations
   307 | D        | Gained mutation: You have a pair of antennae on your head.
                  | [demonic ancestry]
   307 | D        | Reached XP level 9. HP: 51/76 MP: 6/16
   312 | D        | Killed a deep elf knight
   313 | D        | Reached skill level 11 in Invocations
   313 | D        | Killed a +3 heavy war axe
   315 | D        | Gained mutation: Spells you cast may paralyse nearby
                  | enemies. [demonic ancestry]
   315 | D        | Reached XP level 10. HP: 30/85 MP: 2/18
   315 | D        | Found a transporter.
   327 | D        | Got the Book of the Rebis
   414 | D        | Entered arena 10.
   415 | D        | Found a transporter.
   419 | D        | Reached skill level 10 in Fighting
   424 | D        | Reached skill level 12 in Invocations
   440 | D        | Entered arena 11.
   441 | D        | Found a transporter.
   467 | D        | Got the ring of Taqo {Will- MP+9 Dex+6}
   474 | D        | Entered arena 12.
   474 | D        | Noticed a wolf spider
   474 | D        | Noticed a demonic crawler
   474 | D        | Noticed a moth of wrath
   474 | D        | Noticed an orb spider
   474 | D        | Noticed a steelbarb worm
   474 | D        | Noticed a demonic crawler
   475 | D        | Noticed an entropy weaver
   476 | D        | Found a transporter.
   480 | D        | Killed an orb spider
   480 | D        | Killed a wolf spider
   480 | D        | Killed a ghost moth
   481 | D        | Reached skill level 10 in Evocations
   481 | D        | Slain by a demonic crawler

Illustrated notes

Levels and vault maps discovered:
D:        sprint_v [room_start, room_1, room_2, room_3, room_4, room_5, room_6,
          room_7, room_8, room_9, room_10, room_11, room_12, room_13, room_14,
          room_15, room_16, room_17, room_18, room_19, room_20, room_21,
          room_22, room_23, room_24, room_25, room_26, room_27]

Skill      XL: |  1  2  3  4  5  6  7  8  9 10 |
---------------+-------------------------------+-----
Fighting       | 4 6 7 9 10 | 10.9
Long Blades    | 3 5 6 8 9 |  9.7
Armour         | 3 4 6 8 9 |  9.7
Dodging        | 2 3 5 7 8 9 |  9.2
Shields        | 3 4 6 8 9 |  9.6
Invocations    | 3 4 7 8 10 11 12 | 12.9
Evocations     | 2 3 5 6 8 10 | 10.0

Action                     |  1- 3 |  4- 6 |  7- 9 | 10-12 || total
---------------------------+-------+-------+-------+-------++-------
  Melee: Double sword      |     4 |     5 |    32 |    19 ||    60
 Invoke: Disaster Area     |       |       |     1 |       ||     1
         Upheaval          |       |       |     2 |     2 ||     4
  Evoke: Wand              |       |       |     3 |       ||     3
    Use: Potion            |     1 |       |       |     1 ||     2
 Armour: Plate armour      |     6 |     2 |    42 |    34 ||    84
  Dodge: Dodged            |       |       |     3 |    13 ||    16
  Block: Kite shield       |     6 |       |    69 |    50 ||   125

Table legend: (Time is in decaauts)
 A = Elapsed time spent in this place.
 B = Non-inter-level travel time spent in this place.
 C = Inter-level travel time spent in this place.
 D = Time resting spent in this place.
 E = Time spent auto-exploring this place.
 F = Levels seen in this place.
 G = Mean time per level.
                   A        B        C        D        E       F      G
               +--------+--------+--------+--------+--------+-----+--------+
         Total |    494 |    494 |      0 |    158 |      0 |   1 |  494.0 |
       Dungeon |    494 |    494 |      0 |    158 |      0 |   1 |  494.0 |
               +--------+--------+--------+--------+--------+-----+--------+

Top non-repeatable levels by time:
       D: 494 daAuts
